Map: 이터널 엠파이어 - 래더

Players

Dark - Winner!

  • Race: Zerg Zerg
  • Spawn Location: 7:00

Stats

  • Race: Protoss Protoss
  • Spawn Location: 1:00

Event: IEM Katowice 2020

VOD

Have the link to the VOD?

Description

Time

  • Played on: Feb. 27, 2020, 8:45 a.m.
  • Length: 8:33

All games in this series

Show
View Real Time Build Order
Export as new Build Order

Dark Zerg - Winner!

Build Orders: Hatch First, Swarm Host 

Get SALT Encoding   

  12  0:00  Drone  
  13  0:12  Overlord  
  13  0:17  Drone  
  14  0:30  Drone x2  
  16  0:48  Hatchery  
  15  0:51  Drone  
  15  0:55  Drone  
  17  0:58  Drone  
  18  1:09  Extractor  
  17  1:13  Spawning Pool  
  17  1:16  Drone  
  17  1:20  Drone  
  18  1:27  Drone  
  19  1:38  Drone  
  20  1:48  Hatchery  
  20  1:50  Drone  
  20  2:00  Queen  
  22  2:05  Drone  
  22  2:07  Drone  
  24  2:16  Queen  
  24  2:22  Overlord  
  26  2:26  Drone  
  26  2:28  Drone  
  28  2:40  Queen, Drone x2  
  28  2:43  Zergling x2  
  33  2:45  Drone  
  33  2:48  Drone  
  35  2:59  Drone, Metabolic Boost  
  35  3:02  Queen  
  35  3:05  Overlord  
  38  3:08  Drone  
  38  3:11  Drone  
  38  3:12  Drone  
  41  3:14  Drone  
  42  3:22  Overlord  
  42  3:24  Drone x2  
  42  3:25  Drone  
  42  3:26  Drone  
  46  3:28  Zergling x4  
  46  3:30  Zergling x2  
  49  3:37  Spore Crawler  
  49  3:39  Drone x2  
  50  3:41  Queen  
  50  3:45  Spore Crawler  
  50  3:48  Drone x2  
  52  3:55  Overlord  
  53  3:56  Overlord  
  53  4:01  Overlord  
  53  4:09  Overlord  
  53  4:13  Drone x5  
  53  4:14  Drone x4  
  62  4:20  Lair, Zergling x2  
  62  4:22  Extractor  
  62  4:23  Zergling x2  
  62  4:31  Drone x3  
  62  4:34  Roach Warren  
  62  4:35  Drone x2  
  62  4:38  Drone x3  
  69  4:40  Drone  
  70  4:48  Drone x2  
  70  4:49  Drone  
  70  4:51  Overlord  
  70  4:52  Zergling x4, Extractor  
  75  4:53  Zergling x2, Extractor  
  75  4:54  Drone x2  
  76  5:00  Drone x2  
  76  5:03  Drone x2  
  80  5:07  Drone x2, Evolution Chamber  
  80  5:11  Overlord  
  80  5:12  Extractor x2  
  79  5:14  Drone x2  
  79  5:21  Glial Reconstitution, Drone x2  
  83  5:22  Drone x3  
  83  5:25  Spore Crawler, Drone x2  
  83  5:27  Drone x2  
  88  5:34  Drone x3  
  88  5:35  Drone  
  88  5:36  Zerg Missile Weapons Level 1  
  88  5:40  Infestation Pit  
  87  5:46  Drone  
  87  5:49  Hatchery  
  86  5:51  Overlord x5  
  80  6:05  Drone x5  
  85  6:12  Nydus Network  
  85  6:16  Swarm Host x7  
  105  6:20  Swarm Host  
  105  6:24  Swarm Host  
  111  6:27  Drone x3  
  111  6:30  Drone x2, Unknown  
  115  6:33  Swarm Host  
  115  6:36  Swarm Host  
  121  6:40  Swarm Host  
  124  6:47  Drone x3  
  124  6:49  Swarm Host x2  
  124  6:54  Nydus Canal  
  133  6:56  Overlord x2  
  133  6:57  Overlord x2  
  131  7:07  Roach  
  131  7:08  Roach x5  
  143  7:12  Nydus Canal  
  143  7:17  Spore Crawler, Drone  
  143  7:20  Roach x3  
  143  7:22  Zergling x2  
  148  7:23  Zergling x16  
  148  7:26  Roach  
  148  7:27  Roach x2  
  161  7:30  Nydus Canal  
  161  7:31  Roach  
  160  7:38  Roach x5  
  170  7:45  Nydus Canal  
  170  7:49  Roach x2  
  170  7:50  Roach, Overlord x2  
  176  7:53  Overlord  
  175  7:58  Overlord  
  175  8:00  Nydus Canal  
  175  8:07  Overlord  
  175  8:09  Hydralisk Den  
  174  8:13  Roach  
  174  8:14  Roach x2  
  174  8:15  Nydus Canal  
Show
View Real Time Build Order
Export as new Build Order

Stats Protoss 

Build Orders: 1 Gate Expand, Oracle Opening, Zealot Archon 

Get SALT Encoding   

  12  0:00  Probe  
  13  0:12  Probe  
  14  0:19  Pylon  
  14  0:24  Probe  
  15  0:37  Probe (Chrono Boost)  
  15  0:38  Gateway  
  16  0:46  Probe (Chrono Boost)  
  16  0:47  Assimilator  
  17  0:52  Probe  
  19  1:04  Probe  
  19  1:16  Probe  
  20  1:23  Nexus  
  20  1:34  Cybernetics Core  
  20  1:37  Probe  
  21  1:43  Assimilator  
  21  1:49  Probe  
  21  1:53  Pylon  
  22  2:01  Probe (Chrono Boost)  
  22  2:08  Adept (Chrono Boost)  
  23  2:13  Probe (Chrono Boost)  
  26  2:17  Stargate  
  26  2:19  Probe (Chrono Boost)  
  27  2:24  Warp Gate  
  27  2:29  Probe (Chrono Boost)  
  28  2:32  Adept  
  28  2:36  Probe (Chrono Boost)  
  32  2:45  Probe x2 (Chrono Boost)  
  32  2:50  Probe  
  33  2:52  Probe  
  35  3:02  Stalker  
  35  3:03  Oracle (Chrono Boost)  
  35  3:04  Probe x2  
  39  3:10  Pylon  
  42  3:16  Probe x2  
  42  3:19  Pylon  
  44  3:25  Gateway  
  44  3:28  Probe  
  44  3:29  Probe  
  46  3:35  Oracle (Chrono Boost)  
  46  3:41  Probe x2  
  50  3:43  Assimilator  
  50  3:45  Assimilator  
  51  3:53  Probe x2  
  53  4:00  Pylon  
  53  4:03  Oracle (Chrono Boost)  
  53  4:05  Probe x2  
  58  4:15  Robotics Facility  
  58  4:17  Probe  
  58  4:18  Probe  
  58  4:20  Adept x2  
  58  4:24  Pylon  
  64  4:30  Probe x2  
  66  4:38  Nexus  
  66  4:48  Probe x2, Sentry x2  
  66  4:52  Shield Battery  
  72  4:58  Forge  
  72  5:00  Probe x2  
  72  5:02  Twilight Council, Observer  
  75  5:11  Sentry  
  75  5:13  Probe  
  78  5:16  Pylon  
  78  5:19  Pylon  
  78  5:25  Protoss Ground Weapons Level 1 (Chrono Boost), Gateway  
  78  5:26  Gateway  
  78  5:34  Probe x2 (Chrono Boost)  
  80  5:38  Charge  
  80  5:42  Phoenix x2  
  80  5:46  Probe x2 (Chrono Boost)  
  80  5:47  Templar Archives  
  82  5:50  Assimilator  
  82  5:53  Probe (Chrono Boost)  
  82  5:54  Assimilator  
  82  5:55  Probe x2 (Chrono Boost), Warp Prism  
  87  6:00  Probe (Chrono Boost)  
  87  6:03  Probe x2 (Chrono Boost)  
  87  6:08  Probe  
  88  6:12  Gateway  
  88  6:13  Probe x2, Gateway  
  88  6:17  Gateway  
  90  6:18  Gateway  
  90  6:20  Probe  
  91  6:30  High Templar x4  
  91  6:32  Probe  
  100  6:35  Archon x2, Pylon  
  100  6:36  Immortal (Chrono Boost)  
  100  6:38  Pylon  
  104  6:40  Pylon  
  104  6:47  Pylon  
  104  6:50  Pylon  
  104  6:59  Shield Battery  
  104  7:00  Shield Battery  
  102  7:02  Zealot x2  
  102  7:03  Photon Cannon  
  106  7:10  High Templar  
  106  7:11  High Templar, Zealot x2  
  106  7:12  Zealot  
  116  7:15  Robotics Bay  
  116  7:16  Immortal (Chrono Boost)  
  116  7:17  Archon, Robotics Facility  
  120  7:29  Pylon  
  120  7:31  Pylon  
  106  7:49  High Templar  
  106  7:50  High Templar, Immortal (Chrono Boost), Zealot x6  
  120  7:54  Archon  
  124  8:02  Pylon  
  124  8:04  Pylon  
  124  8:10  Zealot x4  

Tags
 
Add a new tag
Caveats
  • Supply blocks, unpowered buildings, or Contaminate may cause inaccurate times.
  • Supply counts are checked every 10 seconds.